 Dungeon Crawl Stone Soup version 0.30-a0-696-g2367cd04db (webtiles) character file.

Game seed: 13631901496075757878

266953 Dittersdorf the Peltast (level 20, -4/140 HPs)
             Began as a Gargoyle Fighter on Jan 20, 2023.
             Was an Elder of Okawaru.
             Slain by an iron troll (11 damage)
             ... on level 2 of the Depths.
             The game lasted 01:27:09 (47462 turns).

Dittersdorf the Peltast (Gargoyle Fighter)         Turns: 47462, Time: 01:27:10

Health: -4/140     AC: 48    Str: 30    XL:     20   Next: 11%
Magic:  0/29       EV: 21    Int: 17    God:    Okawaru [****..]
Gold:   2091       SH: 23    Dex: 13    Spells: 16/19 levels left

rFire   . . .      SeeInvis +    z - +8 flail of Niqos {spect, Fly rPois Int+2 Dex+4}
rCold   + + .      Faith    .    P - +0 tower shield {reflect}
rNeg    + . .      Spirit   +    L - +4 chain mail {rC+}
rPois   ∞          Reflect  +    k - +2 helmet {SInv}
rElec   +          Harm     .    q - scarf {repulsion}
rCorr   .          Rampage  .    c - +2 pair of gloves of Riwkoits {Str+2 Int+2}
Will    +....                    a - +2 pair of slick slippers {slick, slippery, EV+5}
Stlth   +                        b - amulet of guardian spirit
HPRegen 0.43/turn                G - +5 ring of evasion
MPRegen 0.21/turn                v - ring "Viw Muos" {rC+ MP+9 Int+3 Stlth+}

@: heroic, flying, repel missiles
A: sickness immunity, AC +15, big wings, negative energy resistance 1,
electricity resistance, torment resistance 1, petrification resistance,
iridescent scales 1, wild magic 1
}: 2/15 runes: serpentine, barnacled
a: Renounce Religion, Heroism, Finesse


You were on level 2 of the Depths.
You worshipped Okawaru.
Okawaru was greatly pleased with you.
You visited 8 branches of the dungeon, and saw 34 of its levels.
You visited the Abyss 1 time.
You also visited: Gauntlet.

You collected 3844 gold pieces.
You spent 1753 gold pieces at shops.

Inventory:

Hand Weapons
 l - a +4 morningstar of pain
 z - the +8 flail of Niqos (weapon) {spect, Fly rPois Int+2 Dex+4}
   (You found it on level 1 of the Lair of Beasts)

   Int:       It affects your intelligence (+2).
   Dex:       It affects your dexterity (+4).
   rPois:     It protects you from poison.
   Fly:       It grants you flight.
Missiles
 s - 7 throwing nets
 E - 5 curare-tipped darts (quivered)
Armour
 a - the +2 pair of slick slippers (worn) {slick, slippery, EV+5}
   (You bought it in a shop on level 2 of the Orcish Mines)

   Slick:     Its wearer cannot be constricted, engulfed, netted or webbed.
   Slippery:  It slips away from damaging melee attacks, pulling the attacker
   onward.
   EV:        It affects your evasion (+5).
 c - the +2 pair of gloves of Riwkoits (worn) {Str+2 Int+2}
   (Okawaru gifted it to you on level 4 of the Snake Pit)

   Str:       It affects your strength (+2).
   Int:       It affects your intelligence (+2).
 k - a +2 helmet of see invisible (worn)
 q - a scarf of repulsion (worn)
 L - a +4 chain mail of cold resistance (worn)
 P - a +0 tower shield of reflection (worn)
Jewellery
 b - an amulet of guardian spirit (around neck)
 g - a ring of positive energy
 h - the ring of Inlen {Ice Int+4 Dex+4}
   (You found it on level 4 of the Shoals)

   [ring of ice]

   It enhances your ice magic.
   Int:       It affects your intelligence (+4).
   Dex:       It affects your dexterity (+4).
   rF:        It makes you vulnerable to fire.
   rC:        It protects you from cold.
 v - the ring "Viw Muos" (right hand) {rC+ MP+9 Int+3 Stlth+}
   (You found it on level 9 of the Dungeon)

   [ring of magical power]

   Int:       It affects your intelligence (+3).
   rC:        It protects you from cold.
   MP:        It affects your magic capacity (+9).
   Stlth:     It makes you more stealthy.
 D - a ring of resist corrosion
 G - a +5 ring of evasion (left hand)
 K - a ring of wizardry
 O - a ring of positive energy
Wands
 y - a wand of acid (22)
 J - a wand of roots (15)
Scrolls
 e - 2 scrolls of fog
 j - 7 scrolls of enchant weapon
 m - 13 scrolls of teleportation
 n - 7 scrolls of magic mapping
 p - 2 scrolls of blinking
 r - 4 scrolls of poison
 t - a scroll of brand weapon
 w - 11 scrolls of enchant armour
 x - 4 scrolls of fear
 F - 6 scrolls of silence
 H - 9 scrolls of identify
Potions
 d - 4 potions of might
 f - 5 potions of haste
 i - 8 potions of heal wounds
 o - 14 potions of brilliance
 u - 3 potions of invisibility
 A - 4 potions of mutation
 B - 3 potions of cancellation
 C - a potion of magic
 I - 3 potions of curing
 N - a potion of berserk rage
Miscellaneous
 M - a piece from Xom's chessboard (15/15)


   Skills:
 + Level 19.8(24.8) Fighting
 + Level 18.2(23.2) Maces & Flails
 + Level 19.9(24.9) Armour
 + Level 19.9(24.9) Shields


You had 16 spell levels left.
You knew the following spells:

 Your Spells              Type           Power      Damage    Failure   Level
a - Stone Arrow           Conj/Erth      0%         3d7       92%         3

Your spell library contained the following spells:

 Spells                   Type           Power      Damage    Failure   Level
 Apportation              Tloc           0%         N/A       63%         1
 Shock                    Conj/Air       0%         1d3       63%         1
 Slow                     Hex            0%         N/A       63%         1
 Lesser Beckoning         Tloc           0%         N/A       75%         2
 Momentum Strike          Conj/Tloc      0%         3d8       75%         2
 Passwall                 Tmut/Erth      0%         N/A       75%         2
 Poisonous Vapours        Pois/Air       0%         N/A       75%         2
 Confusing Touch          Hex            0%         N/A       92%         3
 Dazzling Flash           Conj/Hex       0%         N/A       92%         3
 Gell's Gravitas          Tloc           0%         N/A       92%         3
 Hailstorm                Conj/Ice       0%         3d3       92%         3
 Ignite Poison            Fire/Tmut/Pois 0%         N/A       92%         3
 Kindle Blastsparks       Fire/Tloc/Air  0%         2d10      92%         3
 Mephitic Cloud           Conj/Pois/Air  0%         N/A       92%         3
 Swiftness                Air            0%         N/A       92%         3
 Teleport Other           Tloc           0%         N/A       92%         3
 Vampiric Draining        Necr           0%         2d6       92%         3
 Vhi's Electric Charge    Tloc/Air       0%         N/A       92%         3
 Airstrike                Air            0%         2d(0-16)  100%        4
 Leda's Liquefaction      Hex/Erth       0%         N/A       100%        4
 Passage of Golubria      Tloc           0%         N/A       100%        4
 Agony                    Necr           0%         N/A       100%        5
 Alistair's Intoxication  Tmut/Pois      0%         N/A       100%        5
 Arcjolt                  Conj/Air       0%         1d10      100%        5
 Blade Hands              Tmut           0%         N/A       100%        5
 Freezing Cloud           Conj/Ice/Air   0%         6-21      100%        5
 Irradiate                Conj/Tmut      0%         3d11      100%        5
 Lightning Bolt           Conj/Air       0%         1d11      100%        5
 Silence                  Hex/Air        0%         N/A       100%        5
 Yara's Violent Unravell  Hex/Tmut       0%         3d3       100%        5
 Dragon Form              Tmut           0%         N/A       100%        7
 Lehudib's Crystal Spear  Conj/Erth      0%         10d2      100%        8
 Maxwell's Capacitive Co  Air            0%         ∞         100%        8
 Summon Small Mammal      Summ           Unusable   N/A       N/A         1
 Cigotuvi's Dreadful Rot  Necr/Pois/Air  Unusable   N/A       N/A         2
 Call Canine Familiar     Summ           Unusable   N/A       N/A         3
 Summon Guardian Golem    Hex/Summ       Unusable   N/A       N/A         3
 Tukima's Dance           Hex            Unusable   N/A       N/A         3
 Animate Armour           Summ/Erth      Unusable   N/A       N/A         4
 Summon Lightning Spire   Summ/Air       Unusable   N/A       N/A         4
 Simulacrum               Ice/Necr       Unusable   N/A       N/A         6

Dungeon Overview and Level Annotations

Branches:
Dungeon (15/15)            Temple (1/1) D:5            Lair (5/5) D:10
 Shoals (4/4) Lair:3        Snake (4/4) Lair:3        Slime (0/5) Lair:5
    Orc (2/2) D:11            Elf (1/3) Orc:2        Vaults (0/5) D:14
 Depths (2/4) D:15        Gauntlet (visited)

Altars:
Ashenzari
Cheibriados
Dithmenos
Elyvilon
Fedhas
Hepliaklqana
Kikubaaqudgha
Nemelex Xobeh
Okawaru
Sif Muna
Uskayaw
Vehumet
Xom
Yredelemnul
The Shining One
Jiyva

Shops:
D:4 ([*   D:7 *   D:8 !   D:11 (   Orc:2 *:*[(   Shoals:3 *   Snake:1 [!**

Portals:
Hell: Depths:1
Pandemonium: Depths:1 Depths:2
Ziggurat: Depths:2


Innate Abilities, Weirdness & Mutations

You are immune to sickness and miasma.
Your stone body is resilient. (AC +15)
You are immune to poison.
Your large and strong wings let you fly.
You resist negative energy. (rN+)
You are resistant to electric shocks. (rElec)
You are resistant to unholy torment.
You are immune to petrification.
You are partially covered in iridescent scales. (AC +2)
Your spells are a little harder to cast, but a little more powerful.


Message History

There is a stone staircase leading up here.
You can't go down here!
The iron troll bites you! You block the iron troll's attack. x2
You block the deep troll shaman's attack. x2
The deep troll shaman claws you!
You slip backwards!
You stop ascending the stairs.
You gain the combat prowess of a mighty hero.
You block the deep troll shaman's attack. x3
You bludgeon the deep troll shaman!!
The deep troll shaman is heavily wounded.
Your +8 flail of Niqos {spect, Fly rPois Int+2 Dex+4} hits the deep troll shaman.
You block the iron troll's attack. The iron troll misses you.
The iron troll claws you but does no damage.
You thump the deep troll shaman!
The deep troll shaman is almost dead.
Your +8 flail of Niqos {spect, Fly rPois Int+2 Dex+4} hits the deep troll shaman!
You kill the deep troll shaman!
Okawaru accepts your kill. You block the iron troll's attack. x2
The iron troll claws you but does no damage.
The iron troll misses your +8 flail of Niqos {spect, Fly rPois Int+2 Dex+4}.
The iron troll claws your +8 flail of Niqos {spect, Fly rPois Int+2 Dex+4}!!
Your spectral weapon shares its damage with you!
Your +8 flail of Niqos {spect, Fly rPois Int+2 Dex+4} fades away.
The iron troll bites you!
* * * LOW HITPOINT WARNING * * *
You block the iron troll's attack. The iron troll misses you.
There is a stone staircase leading up, spattered with blood here.
The iron troll bites you but does no damage.
You block the iron troll's attack. The iron troll completely misses you.
The iron troll bites you!!
* * * LOW HITPOINT WARNING * * *
You slip backwards!
The stone giant throws a large rock.
The large rock closely misses you. The iron troll bites you!
* * * LOW HITPOINT WARNING * * *
You block the iron troll's attack. The iron troll completely misses you.
The brown very ugly thing basks in the mutagenic energy from its kin and changes!
The iron troll bites you!
You die...

### . ####..##..
#.[.......
###)........
########
##.#@T......#
#......##
#.uuT...#..##
#.####..# ##.......#
## #.....#.##
#.......##
#...#....###C...####
#..###....#....##
..##.##.......##
.##.∩A##....^##
..##.##.[...##


You could see 2 very ugly things, 2 iron trolls and a stone giant.

Vanquished Creatures
  Vashnia (Snake:2)
  Bai Suzhen (Shoals:2)
  Nikola (Snake:3)
  Jorgrun (Orc:2)
  A lich (Depths:2)
  Mlioglotl (Snake:4)
  Frances (D:14)
  A storm dragon (Shoals:4)
  A shadow dragon (Depths:2)
  The ghost of Vukliusk the Bludgeoner, an adept MiFi of Gozag (Snake:2)
  Kirke (D:15)
  2 tentacled starspawn (Abyss:3)
  The ghost of Banquo the Eclecticist, an adept DjAE of Qazlal (Snake:1)
  The ghost of Kakkoll the Geomancer, an adept DsSu of Vehumet (Snake:1)
  2 nagarajas
  A fire giant (Depths:1)
  Ilsuiw (Shoals:3)
  Louise (Snake:3)
  3 frost giants
  An orc warlord (Orc:2)
  4 stone giants
  A spriggan defender (Depths:2)
  A vampire knight (Depths:1)
  6 very ugly things
  A minotaur (Gauntlet)
  2 ettins
  A fire dragon (Depths:1)
  14 merfolk impalers
  8 merfolk javelineers
  Josephine (D:11)
  An ice dragon (Depths:1)
  5 hydras
  A deep elf high priest (Depths:1)
  2 vault guards (D:14)
  4 salamander tyrants
  3 rakshasas
  Erolcha (D:12)
  3 catoblepae
  3 merfolk avatars
  14 anacondas
  An ogre mage (D:15)
  4 centaur warriors
  A satyr (Shoals:1)
  8 two-headed ogres
  6 boulder beetles
  4 deep troll earth magi
  6 merfolk aquamancers
  9 death yaks
  5 deep troll shamans
  A tengu warrior (Depths:1)
  5 orc high priests
  8 naga sharpshooters
  11 naga warriors
  8 shock serpents
  Urug (D:11)
  A wretched star (Abyss:3)
  5 iron trolls
  5 skeletal warriors
  Sonja (Orc:1)
  4 salamander mystics
  An anaconda zombie (Abyss:3)
  2 glowing orange brains
  A spark wasp zombie (D:15)
  An obsidian statue (Shoals:1)
  5 naga ritualists
  3 phantasmal warriors
  3 wizards
  11 deep trolls
  9 sea snakes
  2 flayed ghosts
  A golden dragon zombie (D:15)
  8 lindwurms
  7 orc knights
  22 harpies
  A wolf spider (D:15)
  A deep elf zephyrmancer (Depths:1)
  3 necromancers
  14 manticores
  4 orc sorcerers (Orc:2)
  5 deep elf pyromancers
  23 salamanders
  2 cyclopes
  11 mana vipers
  A will-o-the-wisp (Abyss:3)
  7 fauns
  A frost giant skeleton (Depths:2)
  6 merfolk sirens
  19 elephants
  13 ugly things
  A sphinx skeleton (Depths:2)
  3 torpor snails
  2 fire giant skeletons (Depths:2)
  29 black mambas
  8 guardian serpents
  6 naga magi
  10 water nymphs
  3 gargoyles
  A yaktaur (D:14)
  2 rime drakes (Lair:5)
  An unseen horror (D:12)
  8 cane toads
  4 komodo dragons
  5 kobold demonologists
  A guardian mummy (D:15)
  An ancient zyme (Abyss:3)
  2 tengu conjurers (D:14)
  30 merfolk
  5 trolls
  A wolf spider simulacrum (D:15)
  5 polar bears (Lair:5)
  11 snapping turtles
  A polar bear (shapeshifter) (D:15)
  6 hornets
  13 wind drakes
  30 blink frogs
  4 dream sheep
  A raiju (Snake:3)
  12 spriggans (Lair:5)
  3 shadows
  2 spriggan skeletons
  5 slime creatures
  A vampire (D:13)
  9 air elementals (Shoals:4)
  9 wyverns
  27 water elementals
  5 wraiths
  3 hogs (D:15)
  30 yaks
  5 basilisks
  A fire bat (Abyss:3)
  A human (D:14)
  2 steam dragons
  14 vampire mosquitoes
  28 nagas
  4 acid dragons
  4 wargs
  12 water moccasins
  Edmund (D:4)
  24 orc warriors
  7 small abominations
  A human skeleton (D:15)
  2 black bears
  3 large abominations
  2 ice beasts
  A swamp drake (D:11)
  Pargi (D:4)
  5 boggarts (Lair:5)
  9 centaurs
  17 wolves (Lair:5)
  11 ogres
  8 bullfrogs
  2 kobold brigands
  2 necrophages
  A gnoll sergeant (D:7)
  6 scorpions
  16 wights
  A wyvern skeleton (D:6)
  A water moccasin skeleton (D:6)
  12 howler monkeys
  2 hounds
  35 orc priests
  4 jellies
  Jessica (D:3)
  Natasha (thrice) (D:2)
  An iguana (D:6)
  34 orc wizards
  5 gnolls (D:6)
  6 adders
  4 shadow imps
  2 ufetubi
  3 worms
  4 dart slugs
  91 orcs
  4 endoplasms
  2 giant cockroaches
  3 goblins
  8 hobgoblins
  7 jackals
  3 quokkas
  5 ball pythons
  5 bats (D:2)
  3 frilled lizards
  17 kobolds
  4 rats
  A starspawn tentacle (Abyss:3)
1142 creatures vanquished.

Vanquished Creatures (others)
  A stone giant (Depths:2)
  A faun (Shoals:1)
  A naga mage (Snake:2)
  A naga (Snake:2)
  An orc wizard (Orc:2)
  A bush (D:8)
  3 foxfires (Abyss:3)
  35 fungi
  69 plants
  4 starspawn tentacles (Abyss:3)
  8 withered plants
125 creatures vanquished.

Grand Total: 1267 creatures vanquished

Notes
Turn   | Place    | Note
-------+----------+-------------------------------------------
     0 | D:1      | Dittersdorf the Gargoyle Fighter began the quest for the
                  | Orb.
     0 | D:1      | Reached XP level 1. HP: 14/14 MP: 1/1
   163 | D:1      | Found a faded altar of an unknown god.
   235 | D:1      | Reached XP level 2. HP: 19/19 MP: 2/2
   979 | D:2      | Noticed Natasha
   981 | D:2      | Noticed a crimson imp
   986 | D:2      | Noticed a crimson imp
   986 | D:2      | Killed Natasha
   987 | D:2      | Reached XP level 3. HP: 13/24 MP: 3/3
  1405 | D:2      | Reached XP level 4. HP: 28/29 MP: 4/4
  1410 | D:2      | Noticed Natasha
  1418 | D:2      | Killed Natasha
  1444 | D:2      | Noticed Natasha
  1450 | D:2      | Killed Natasha
  1817 | D:2      | Reached XP level 5. HP: 30/33 MP: 5/5
  2131 | D:3      | Noticed Jessica
  2143 | D:3      | Killed Jessica
  2517 | D:3      | Found a white marble altar of Elyvilon.
  2686 | D:4      | Reached XP level 6. HP: 35/39 MP: 6/6
  2817 | D:4      | Got Tiamymel's Discourse on Geometries and the Whammy
  3215 | D:4      | Reached skill level 5 in Fighting
  3215 | D:4      | Reached skill level 5 in Armour
  3215 | D:4      | Reached skill level 5 in Shields
  3215 | D:4      | Reached XP level 7. HP: 30/44 MP: 5/7
  3286 | D:4      | Noticed Pargi
  3311 | D:4      | Killed Pargi
  3389 | D:4      | Found Bomothro's General Store.
  3392 | D:4      | Found Effen's Armour Boutique.
  3392 | D:4      | Noticed Edmund
  3394 | D:4      | Found Toicy's Antique Weapon Shop.
  3428 | D:4      | Killed Edmund
  3805 | D:5      | Entered Level 5 of the Dungeon
  3829 | D:5      | Found a staircase to the Ecumenical Temple.
  3836 | Temple   | Entered the Ecumenical Temple
  4064 | Temple   | Became a worshipper of Warmaster Okawaru
  4204 | D:5      | Found a broken altar of Ashenzari.
  4250 | D:5      | Reached XP level 8. HP: 43/51 MP: 8/8
  4487 | D:6      | Reached skill level 5 in Maces & Flails
  4513 | D:5      | Reached * piety under Okawaru
  5867 | D:6      | Reached XP level 9. HP: 17/56 MP: 2/9
  6024 | D:7      | Reached ** piety under Okawaru
  6283 | D:7      | Noticed a two-headed ogre
  6283 | D:7      | Noticed a boulder beetle
  6368 | D:6      | Killed a two-headed ogre
  6368 | D:6      | Reached *** piety under Okawaru
  6487 | D:6      | Killed a boulder beetle
  6682 | D:7      | Noticed a manticore
  6849 | D:6      | Killed a manticore
  6850 | D:6      | Reached XP level 10. HP: 24/65 MP: 2/10
  7990 | D:7      | Found Bestiqao's General Store.
  7993 | D:7      | Bought a potion of mutation for 96 gold pieces
  7993 | D:7      | Bought a scroll of enchant weapon for 90 gold pieces
  8390 | D:8      | Found Vyabb's Distillery.
  8395 | D:8      | Learned a level 3 spell: Stone Arrow
  8494 | D:8      | Reached **** piety under Okawaru
 10012 | D:9      | Identified the ring "Viw Muos" {rC+ MP+9 Int+3 Stlth+}
 10154 | D:10     | Entered Level 10 of the Dungeon
 10206 | D:10     | Reached XP level 11. HP: 62/71 MP: 11/11
 10640 | D:10     | Reached skill level 10 in Shields
 10721 | D:10     | Found a staircase to the Lair.
 10750 | D:9      | Reached skill level 10 in Fighting
 10767 | D:9      | Reached skill level 10 in Armour
 11686 | Lair:1   | Entered Level 1 of the Lair of Beasts
 12165 | Lair:1   | You fall into a shaft and drop 1 floor!
 12166 | Lair:2   | yay!
 12773 | Lair:2   | Reached ***** piety under Okawaru
 12954 | Lair:1   | Received a gift from Okawaru
 13269 | Lair:1   | Identified the +1 hat of Death Resistance {Rampage rPois}
                  | (Okawaru gifted it to you on level 1 of the Lair of Beasts)
 13269 | Lair:1   | Received a gift from Okawaru
 13270 | Lair:1   | Reached XP level 12. HP: 30/80 MP: 12/12
 13557 | Lair:1   | Noticed an eight-headed hydra
 13570 | Lair:1   | Killed an eight-headed hydra
 13571 | Lair:1   | Reached skill level 10 in Maces & Flails
 13638 | Lair:1   | Identified the +8 flail of Niqos {spect, Fly rPois Int+2
                  | Dex+4}
 14105 | Lair:2   | Noticed a death yak
 14106 | Lair:2   | Noticed a death yak
 14116 | Lair:2   | Noticed a death yak
 14124 | Lair:1   | Killed a death yak
 14132 | Lair:1   | Killed a death yak
 14203 | Lair:2   | Killed a death yak
 14599 | Lair:3   | Noticed a death yak
 14599 | Lair:3   | Noticed a death yak
 14634 | Lair:2   | Killed a death yak
 14808 | Lair:3   | Noticed a death yak
 14830 | Lair:2   | Killed a death yak
 14873 | Lair:3   | Noticed a death yak
 14873 | Lair:3   | Noticed a death yak
 14890 | Lair:2   | Killed a death yak
 15021 | Lair:3   | Noticed a death yak
 15032 | Lair:2   | Killed a death yak
 15032 | Lair:2   | Received a gift from Okawaru
 15129 | Lair:2   | Killed a death yak
 15136 | Lair:2   | Killed a death yak
 15504 | Lair:3   | Reached XP level 13. HP: 85/86 MP: 13/13
 15618 | Lair:3   | Found a staircase to the Snake Pit.
 16469 | Lair:3   | Found a staircase to the Shoals.
 17223 | Lair:4   | Identified the -1 cloak of Cotrud {rC++ Int-3 Dex+4}
                  | (Okawaru gifted it to you on level 4 of the Lair of Beasts)
 17223 | Lair:4   | Received a gift from Okawaru
 18264 | Lair:5   | Entered Level 5 of the Lair of Beasts
 19032 | Lair:5   | Gained mutation: Your large and strong wings let you fly.
                  | [Gargoyle growth]
 19032 | Lair:5   | Reached XP level 14. HP: 67/94 MP: 14/14
 19037 | Lair:5   | Reached ****** piety under Okawaru
 19155 | Lair:5   | Identified the +6 plate armour of Happiness {Harm rElec
                  | Str-5 Stlth+} (Okawaru gifted it to you on level 5 of the
                  | Lair of Beasts)
 19155 | Lair:5   | Received a gift from Okawaru
 19167 | Lair:5   | Found a staircase to the Slime Pits.
 19225 | Lair:5   | Found a viscous altar of Jiyva.
 20845 | D:11     | Found Tabycs's Antique Weapon Shoppe.
 20937 | D:11     | Noticed Josephine
 20944 | D:11     | Killed Josephine
 21314 | D:11     | Found a staircase to the Orcish Mines.
 21714 | Orc:1    | Entered Level 1 of the Orcish Mines
 21898 | Orc:1    | Noticed Sonja
 21901 | Orc:1    | Killed Sonja
 21953 | Orc:1    | Received a gift from Okawaru
 22712 | Orc:2    | Entered Level 2 of the Orcish Mines
 22712 | Orc:2    | Found a gate leading to a gauntlet.
 22745 | Gauntlet | Entered a Gauntlet
 22827 | Gauntlet | Found a transporter.
 22827 | Gauntlet | Found a transporter.
 22839 | Gauntlet | Found a transporter.
 22840 | Gauntlet | Found a transporter.
 22850 | Gauntlet | Found a transporter.
 22855 | Gauntlet | Found a transporter.
 22874 | Gauntlet | Found a transporter.
 22877 | Gauntlet | Found a transporter.
 22887 | Gauntlet | Found a transporter.
 22891 | Gauntlet | Found a transporter.
 22901 | Gauntlet | Found a transporter.
 22921 | Gauntlet | Found a transporter.
 23083 | Gauntlet | Identified the +1 hat of Wisdom {Str+3 Int-2 Dex+3}
 23137 | Gauntlet | Identified the amulet of Quq Welo {Reflect Fly rC+ rN+
                  | Str-5 SH+5}
 23154 | Gauntlet | Reached XP level 15. HP: 53/101 MP: 8/15
 23308 | Gauntlet | Identified the +1 chain mail of Suyddid {Dex+3}
 23352 | Orc:2    | Noticed Jorgrun
 23365 | Orc:2    | Killed Jorgrun
 23539 | Orc:2    | Found a staircase to the Elven Halls.
 23603 | Orc:2    | Found Qoquibaubb's Assorted Antiques.
 23610 | Orc:2    | Bought the +2 pair of slick slippers {slick, slippery,
                  | EV+5} for 1062 gold pieces
 23610 | Orc:2    | Found the +2 pair of slick slippers {slick, slippery, EV+5}
 24091 | Orc:2    | Noticed an orc warlord
 24105 | Orc:2    | Killed an orc warlord
 24449 | Orc:2    | Reached skill level 15 in Shields
 24730 | Orc:2    | Reached skill level 15 in Fighting
 24730 | Orc:2    | Reached skill level 15 in Armour
 25247 | Orc:2    | Found Leag's Antique Armour Emporium.
 25248 | Orc:2    | Found Iwuedurr's Antique Weapon Shoppe.
 25249 | Orc:2    | Found Hefitt's General Store.
 25249 | Orc:2    | Found Yfedgh's Book Emporium.
 25439 | D:12     | Noticed Urug
 25449 | D:11     | Killed Urug
 25916 | D:12     | Noticed Erolcha
 25926 | D:12     | Killed Erolcha
 26545 | D:13     | Received a gift from Okawaru
 27423 | D:14     | Noticed Frances
 27434 | D:14     | Killed Frances
 27751 | D:14     | Received a gift from Okawaru
 27754 | D:14     | Reached XP level 16. HP: 99/109 MP: 16/16
 28555 | D:14     | Found a gate to the Vaults.
 28755 | D:15     | Entered Level 15 of the Dungeon
 28779 | D:15     | Identified the +4 battleaxe of the Whale {antimagic, rElec
                  | rPois rF+ rCorr}
 28807 | D:15     | Found a staircase to the Depths.
 28812 | D:15     | Noticed Kirke
 28835 | D:15     | Killed Kirke
 29194 | D:15     | Identified the +1 ring mail "Hocuji" {SInv}
 29216 | D:15     | Found a radiant altar of Vehumet.
 29715 | Shoals:1 | Entered Level 1 of the Shoals
 29791 | Shoals:1 | Gained mutation: Armour fits poorly on your strangely
                  | shaped body. [a neqoxec]
 30084 | Shoals:1 | Lost mutation: Armour fits poorly on your strangely shaped
                  | body. [potion of mutation]
 30084 | Shoals:1 | Gained mutation: You are partially covered in iridescent
                  | scales. (AC +2) [potion of mutation]
 30084 | Shoals:1 | Gained mutation: Your spells are a little harder to cast,
                  | but a little more powerful. [potion of mutation]
 30838 | Shoals:2 | Reached skill level 15 in Maces & Flails
 31025 | Shoals:2 | Identified the +0 pair of gloves of Parts Unknown {Str+3}
                  | (Okawaru gifted it to you on level 2 of the Shoals)
 31025 | Shoals:2 | Received a gift from Okawaru
 31903 | Shoals:3 | Noticed Bai Suzhen
 31920 | Shoals:3 | Reached XP level 17. HP: 38/116 MP: 9/17
 32202 | Shoals:2 | Killed Bai Suzhen
 32472 | Shoals:3 | Noticed Ilsuiw
 32538 | Shoals:3 | Killed Ilsuiw
 32538 | Shoals:3 | Received a gift from Okawaru
 33113 | Shoals:3 | Found Aqeul's General Store.
 33431 | Shoals:4 | Entered Level 4 of the Shoals
 34207 | Shoals:4 | Received a gift from Okawaru
 34295 | Shoals:4 | Paralysed by an air elemental for 1 turns
 34419 | Shoals:4 | Received a gift from Okawaru
 34420 | Shoals:4 | Paralysed by an air elemental for 1 turns
 34459 | Shoals:4 | Found an iron altar of Okawaru.
 34660 | Shoals:4 | Paralysed by an air elemental for 1 turns
 34799 | Shoals:4 | Got a barnacled rune of Zot
 35099 | Shoals:4 | Identified the ring of Inlen {Ice Int+4 Dex+4}
 35262 | Snake:1  | Entered Level 1 of the Snake Pit
 35372 | Snake:1  | Reached XP level 18. HP: 124/124 MP: 18/18
 35417 | Snake:1  | Found Tegotem's Assorted Antiques.
 35419 | Snake:1  | Found Cooshof's Assorted Antiques.
 35419 | Snake:1  | Found Ciyzapun's Distillery.
 35423 | Snake:1  | Found Kivvuuqo's Antique Armour Boutique.
 35568 | Snake:1  | Bought a potion of heal wounds for 70 gold pieces
 35568 | Snake:1  | Bought a potion of heal wounds for 70 gold pieces
 36209 | Snake:1  | Bought a scroll labelled TEHEBR GEPARCHI for 43 gold pieces
 36209 | Snake:1  | Bought a scroll of enchant armour for 322 gold pieces
 36922 | Snake:2  | Noticed Vashnia
 37269 | Snake:2  | Identified the +4 robe of Jivonwish {rElec rPois} (Okawaru
                  | gifted it to you on level 2 of the Snake Pit)
 37269 | Snake:2  | Received a gift from Okawaru
 37332 | Snake:2  | Killed Vashnia
 37698 | Snake:2  | Found a runed translucent gate.
 37698 | Snake:2  | Found a runed translucent gate.
 37698 | Snake:2  | Found a runed translucent gate.
 37698 | Snake:2  | Noticed Banquo's ghost (adept DjAE)
 37699 | Snake:2  | Noticed Vukliusk's ghost (adept MiFi)
 37699 | Snake:2  | Noticed Kakkoll's ghost (adept DsSu)
 37982 | Snake:1  | Killed Banquo's ghost
 38012 | Snake:1  | Killed Kakkoll's ghost
 38067 | Snake:2  | Killed Vukliusk's ghost
 38447 | Snake:3  | Noticed Louise
 38456 | Abyss:3  | Cast into level 3 of the Abyss (Louise)
 38683 | Snake:3  | Escaped the Abyss
 38701 | Snake:3  | Killed Louise
 39556 | Snake:3  | Noticed Nikola
 39567 | Snake:3  | Killed Nikola
 40278 | Snake:4  | Entered Level 4 of the Snake Pit
 40690 | Snake:4  | Reached XP level 19. HP: 96/132 MP: 19/19
 41614 | Snake:4  | Received a gift from Okawaru
 42059 | Snake:4  | Noticed Mlioglotl
 42441 | Snake:4  | Killed Mlioglotl
 42441 | Snake:4  | Identified the +2 pair of gloves of Riwkoits {Str+2 Int+2}
                  | (Okawaru gifted it to you on level 4 of the Snake Pit)
 42441 | Snake:4  | Received a gift from Okawaru
 42615 | Snake:4  | Got a serpentine rune of Zot
 43048 | Elf:1    | Entered Level 1 of the Elven Halls
 43209 | Depths:1 | Entered Level 1 of the Depths
 45134 | Depths:1 | Got Buniup's Volume of Shapeshifting and the Wyrd
 45348 | Depths:1 | Found a gateway to Hell.
 45357 | Depths:1 | Found a one-way gate leading to the halls of Pandemonium.
 45527 | Depths:1 | Paralysed by a vampire knight for 3 turns
 45727 | Depths:1 | Got the Codex of the Wintry Birds
 46380 | Depths:2 | Found a one-way gateway to a ziggurat.
 46568 | Depths:2 | Identified the +1 leather armour of Circular Logic {Str+2}
 46583 | Depths:2 | Identified the +8 flail of Areseade {freeze, *Slow rC++ rN+
                  | rCorr} (Okawaru gifted it to you on level 2 of the Depths)
 46583 | Depths:2 | Received a gift from Okawaru
 46934 | Depths:2 | Noticed a golden dragon
 46937 | Depths:2 | Noticed a juggernaut
 47141 | Depths:2 | Reached XP level 20. HP: 130/140 MP: 20/20
 47462 | Depths:2 | HP: 7/140 [iron troll (9)]
 47462 | Depths:2 | Slain by an iron troll

Illustrated notes

#............
.............
.............
.............
.............
.............
......@......
.####.#..#.##
## ##.# #


Turn 12166 on Lair:2: yay!

Levels and vault maps discovered:
D:1:      evilmike_arrival_home_sweet_home, layout_basic,
          shapermc_ecumenical_altar_mp_highgroup, nicolae_wormholes
D:2:      layout_basic, corexii_item_surrounded_by_moat, uniq_natasha
D:3:      layout_loops_ring, elyvilon_altar_3, uniq_jessica
D:4:      layout_basic, nicolae_wooded_promenade, minmay_fountain_box,
          uniq_edmund, uniq_pargi
D:5:      layout_basic, mainiacjoe_overflow_surrounded_room,
          minmay_temple_entry_steel_oval
D:6:      layout_rooms, serial_undead, serial_undead_f, serial_undead_a,
          serial_undead_c, serial_undead_b
D:7:      layout_cave_pools, serial_shops, kennysheep_mini,
          hangedman_minor_gate_pass
D:8:      layout_loops_corners, serial_shops, nicolae_diamond_shop,
          st_stairs_13, kb_lookout_dungeons_type, dk_vineyard_1, uniq_grum
D:9:      layout_cross
D:10:     layout_gridville, david_lair_generic
D:11:     layout_loops_ring, erik_orc_1, serial_shops, kennysheep_little_box,
          kennysheep_potato, uniq_josephine
D:12:     layout_basic, uniq_urug, uniq_erolcha
D:13:     layout_basic
D:14:     layout_irregular_city, grunt_vaults_entry_fortified,
          chequers_serial_rivers_small_a, nicolae_eternal_life, uniq_frances
D:15:     gammafunk_depths_entry_grave, layout_basic, nicolae_vehumet_radiance,
          uniq_kirke
Temple:   mainiacjoe_temple_cubbyholes
Lair:1:   cheibrodos_lair_river_kwai, layout_chaotic_city,
          dreamdust_mushroom_princess
Lair:2:   layout_hall_layers
Lair:3:   layout_roguey, minmay_shoals_entry_centaurs,
          minmay_snake_entry_spellcaster, nicolae_lair_lindhole,
          lemuel_fruit_fields
Lair:4:   layout_misc_corridors, grunt_megastairs_2
Lair:5:   minmay_lair_end_enchanted_forest, layout_gridlike,
          minmay_slime_entry_pillars
Shoals:1: layout_shoals, dpeg_stationary_puzzle
Shoals:2: layout_shoals
Shoals:3: cheibrodos_shoals_baths, layout_shoals, serial_shops,
          nicolae_shop_behind_doors, uniq_bai_suzhen, uniq_ilsuiw
Shoals:4: shoals_end_hellmonk_storm_palace [storm_palace_center_ruins,
          storm_palace_corner_reverse_hut, storm_palace_corner_altar,
          storm_palace_corner_pillars, storm_palace_corner_pillars]
Snake:1:  layout_honeycomb, st_stairs_2, minmay_shoptagon
Snake:2:  layout_onion, gammafunk_ghost_cemetery, lemuel_fruit_tree,
          uniq_vashnia
Snake:3:  layout_layer_cave, uniq_louise, uniq_nikola
Snake:4:  snake_pit_salamanders_mu, layout_onion_interference,
          grunt_ministairs_15, uniq_mlioglotl
Orc:1:    minmay_goldmine, layout_diamond_mine, basic_altar,
          mumra_transporter_accident, uniq_sonja
Orc:2:    st_orc_congregation, layout_diamond_mine, gauntlet_entry_generic,
          serial_shops, shop, uniq_jorgrun
Elf:1:    minmay_guarded_unrand_folly, layout_geoelf_octagon,
          serial_co_window_serial, co_window_paths_a, co_window_paths_a,
          co_window_corner_a, co_window_corner_a, co_window_corner_a,
          co_window_paths_b, co_window_corner_a, co_window_unsneaky_path_b,
          co_window_of_opportunity_b, co_window_corner_b, co_window_2corner,
          co_window_corner_cb, co_window_of_opportunity_b,
          co_window_unsneaky_path_b, co_window_paths_e, co_window_4corner_a,
          glass_columns_a, uniq_roxanne, uniq_asterion, uniq_aizul
Depths:1: layout_cave_shapes, serial_co_window_serial, co_window_paths_b,
          co_window_corner_a, co_window_corner_a, co_window_paths_a,
          co_window_of_opportunity_a, co_window_of_opportunity_a,
          co_window_paths_b, co_window_unsneaky_path_b,
          co_window_of_opportunity_c, co_window_of_opportunity_b, co_window_sun,
          co_window_4corner_b, glass_columns_c, glass_columns_a, pan_entry,
          hell_entry, kennysheep_underground_church
Depths:2: minmay_the_grid_four_pointed_star
          [minmay_the_grid_triangle_9x9_from_above,
          minmay_the_grid_triangle_9x9_flanged_cone,
          minmay_the_grid_triangle_9x9_intruding_spiral,
          minmay_the_grid_triangle_9x9_corruption,
          minmay_the_grid_prize_inner_circle], layout_twisted_cross,
          enter_ziggurat_f, pan_entry, hell_entry, nrook_uturn,
          chequers_serial_rivers_small_a, uniq_josephina

Skill      XL: |  1  2  3  4  5  6  7  8  9 10 11 12 13 14 15 16 17 18 19 |
---------------+----------------------------------------------------------+-----
Armour         | 4 5 6 8 9 10 12 13 14 15 16 17 18 19 | 19.9
Shields        | 4 5 7 8 9 11 12 13 14 15 16 17 18 19 | 19.9
Fighting       | 4 5 6 8 9 11 12 13 14 15 16 17 18 19 | 19.8
Maces & Flails | 3 4 5 7 8 9 11 12 13 14 15 16 17 18 | 18.2

Action                   |  1- 3 |  4- 6 |  7- 9 | 10-12 | 13-15 | 16-18 | 19-21 || total
-------------------------+-------+-------+-------+-------+-------+-------+-------++-------
Melee: Flail             |    73 |   171 |   299 |   898 |  1164 |  1329 |   706 ||  4640
Throw: Dart              |       |       |    25 |    10 |     7 |     8 |     1 ||    51
Invok: Heroism           |       |       |     3 |     8 |    15 |    22 |    18 ||    66
  Use: Scroll            |       |       |    12 |     9 |    10 |     7 |       ||    38
       Potion            |       |       |     3 |     8 |     2 |    10 |     2 ||    25
 Stab: Distracted        |       |       |       |     2 |    15 |    26 |     6 ||    49
Armor: Scale mail        |    31 |    12 |       |       |       |       |       ||    43
       Chain mail        |       |   105 |   302 |   512 |   114 |   619 |   319 ||  1971
       Plate armour      |       |       |       |       |   361 |       |       ||   361
Dodge: Dodged            |    30 |    59 |   184 |   471 |   522 |   983 |   393 ||  2642
       Repelled          |       |       |       |       |       |    50 |    12 ||    62
Block: Buckler           |    12 |    36 |   118 |   279 |   369 |   474 |       ||  1288
       Tower shield      |       |       |       |       |       |   136 |   674 ||   810
       Kite shield       |       |       |       |       |       |       |   103 ||   103
       Reflection        |       |       |       |       |       |       |    12 ||    12

Table legend: (Time is in decaauts)
 A = Elapsed time spent in this place.
 B = Non-inter-level travel time spent in this place.
 C = Inter-level travel time spent in this place.
 D = Time resting spent in this place.
 E = Time spent auto-exploring this place.
 F = Levels seen in this place.
 G = Mean time per level.
                   A        B        C        D        E       F      G
               +--------+--------+--------+--------+--------+-----+--------+
         Total |  47020 |  43931 |   3089 |  12279 |  21931 |  36 | 1306.1 |
       Dungeon |  18328 |  16856 |   1472 |   3643 |   9995 |  15 | 1221.9 |
        Temple |    255 |    232 |     23 |     37 |    172 |   1 |  255.0 |
          Lair |   8894 |   8198 |    696 |   2927 |   3417 |   5 | 1778.8 |
        Shoals |   5289 |   5127 |    162 |   1341 |   2656 |   4 | 1322.2 |
     Snake Pit |   6775 |   6380 |    395 |   2010 |   2853 |   4 | 1693.8 |
  Orcish Mines |   3272 |   2967 |    305 |    484 |   1811 |   2 | 1636.0 |
   Elven Halls |      1 |      0 |      1 |      0 |      0 |   1 |    1.0 |
        Depths |   3427 |   3395 |     32 |   1597 |    801 |   2 | 1713.5 |
         Abyss |    221 |    221 |      0 |    102 |      0 |   1 |  221.0 |
      Gauntlet |    554 |    554 |      0 |    138 |    225 |   1 |  554.0 |
               +--------+--------+--------+--------+--------+-----+--------+

Top non-repeatable levels by time:
 Snake:4: 2447 daAuts
Depths:1: 2204 daAuts
  Lair:2: 2109 daAuts
     D:6: 2042 daAuts
  Lair:3: 1820 daAuts
   Orc:2: 1781 daAuts
  Lair:5: 1775 daAuts
Shoals:2: 1768 daAuts
  Lair:1: 1665 daAuts
    D:15: 1552 daAuts
 Snake:3: 1538 daAuts
  Lair:4: 1524 daAuts
   Orc:1: 1491 daAuts
    D:10: 1474 daAuts
    D:11: 1442 daAuts
